 Dungeon Crawl Stone Soup version 0.31-a0-246-g8cbcc1cb85 (webtiles) character file.

Game seed: 5245207442021982520

98 gruber the Ruffian (level 4, -1/33 HPs)
             Began as a Demonspawn Shapeshifter on July 12, 2023.
             Succumbed to Sigmund's poison
             ... on level 2 of the Dungeon.
             The game lasted 00:01:27 (1245 turns).

gruber the Ruffian (Demonspawn Shapeshifter)        Turns: 1245, Time: 00:01:28

Health: -1/33      AC:  2    Str: 18    XL:     4   Next: 44%
Magic:  4/4        EV: 12    Int:  9    God:
Gold:   139        SH:  0    Dex: 13    Spells: 3/3 levels left

rFire   . .          .
                       - Unarmed
rCold   . . .        (no shield)
rNeg    . . .        a - +0 animal skin
rPois   .            (helmet currently unavailable)
rElec   .            (cloak currently unavailable)
rCorr   .            (gloves currently unavailable)
SInv    .            (boots currently unavailable)
Will    .....        (no amulet)
Stlth   +            (no ring)
HPRegen 0.25/turn    (no ring)
MPRegen 0.09/turn

%: no passive effects
@: lethally poisoned (-1 -> -12), beast-form
A: beast (slay +1), demonic touch 1
a: no special abilities


You were on level 2 of the Dungeon.
You were a hulking beast.
You visited 1 branch of the dungeon, and saw 2 of its levels.

You collected 139 gold pieces.

Inventory:

Armour
 a - a +0 animal skin (worn)
Talismans
 c - a beast talisman
Scrolls
 d - a scroll of immolation {unknown}
 e - a scroll of amnesia {unknown}
 f - a scroll of identify {unknown}
 g - a scroll of vulnerability {unknown}
Potions
 b - a potion of lignification


   Skills:
 - Level 2.0 Fighting
 - Level 1.7 Dodging
 + Level 4.3 Unarmed Combat
 - Level 2.6 Shapeshifting


You had 3 spell levels left.
You didn't know any spells.
Your spell library contained the following spells:

 Spells                   Type           Power      Damage    Failure   Level
 Ensorcelled Hibernation  Hex/Ice        0%         N/A       52%         2
 Passwall                 Tmut/Erth      0%         N/A       52%         2
 Swiftness                Air            0%         N/A       77%         3


Dungeon Overview and Level Annotations

Branches:
Dungeon (2/15)

Altars:

Annotations:
D:2 Sigmund


Innate Abilities, Weirdness & Mutations

You are a hulking beast.
Your limbs bulge with bestial killing power. (Slay +1)
Your touch may inflict minor irresistible damage on your foes.


Message History

The magic dart hits you!
You swing at nothing.
Sigmund gestures wildly while chanting.
Sigmund flickers and vanishes!
Deactivating autopickup; reactivate with Ctrl-A.
You hit Natasha.
Natasha is moderately wounded.
Natasha claws you!
* * * LOW HITPOINT WARNING * * *
The cerulean imp misses you.
You barely miss Natasha.
You touch Natasha!
Natasha is almost dead.
Natasha casts a spell.
The cerulean imp closely misses you.
You hit Natasha.
You kill Natasha!
You hear a faint echoing roar filled with hate and sorrow!
The cerulean imp disappears in a puff of smoke! x2
Unknown command.
Something hits you but does no damage.
You are poisoned.
You see here the felid corpse of Natasha.
Really quaff the potion of lignification?
Okay, then.
Unknown command.
You punch something!
* * * LOW HITPOINT WARNING * * *
You feel sick.
You barely miss something.
You touch something!
* * * LOW HITPOINT WARNING * * *
You feel sick. Something hits you but does no damage.
You hit something but do no damage.
* * * LOW HITPOINT WARNING * * *
You feel sick. Something hits you but does no damage.
You are lethally poisoned!
You hit something but do no damage.
* * * LOW HITPOINT WARNING * * *
You feel very sick.
You hit something but do no damage.
You die...

############# #....@5h....#
#.#########{# #.# #h# #.#
#†# #h# #######.## #####
#............#######...#####
......#####..........#......
.#..##.# #.########...#####
#.#.... .. #.######
##....... .
#.......###.##...# ##.#####
## #..............#.# #.#


There were no monsters in sight!

Vanquished Creatures
  Natasha (twice) (D:2)
  An adder (D:2)
  A worm (D:2)
  A dart slug (D:1)
  4 endoplasms
  2 giant cockroaches (D:1)
  2 goblins
  4 hobgoblins
  2 jackals (D:2)
  A quokka (D:2)
  3 ball pythons
  6 kobolds
  4 rats
33 creatures vanquished.

Notes
Turn   | Place    | Note
-------+----------+-------------------------------------------
     0 | D:1      | gruber the Demonspawn Shapeshifter began the quest for the
                  | Orb.
     0 | D:1      | Reached XP level 1. HP: 16/16 MP: 1/1
    80 | D:1      | Reached skill level 2 in Unarmed Combat
   245 | D:1      | Gained mutation: Your touch may inflict minor irresistible
                  | damage on your foes. [demonic ancestry]
   245 | D:1      | Reached XP level 2. HP: 17/22 MP: 2/2
   695 | D:1      | Reached skill level 3 in Unarmed Combat
   890 | D:2      | Reached XP level 3. HP: 27/27 MP: 3/3
  1008 | D:2      | Noticed Natasha
  1015 | D:2      | Killed Natasha
  1142 | D:2      | Reached skill level 4 in Unarmed Combat
  1142 | D:2      | Reached XP level 4. HP: 24/33 MP: 4/4
  1211 | D:2      | Noticed Natasha
  1212 | D:2      | Noticed Sigmund
  1239 | D:2      | Killed Natasha
  1245 | D:2      | Succumbed to Sigmund's poison

Illustrated notes

Levels and vault maps discovered:
D:1:      dpeg_arrival_three_same_balls, layout_basic
D:2:      layout_loops_ring, basic_altar, uniq_sigmund, uniq_natasha

Skill      XL: |  1  2  3 |
---------------+----------+-----
Unarmed Combat | 2 3 4 |  4.3
Fighting       | |  2.0
Dodging        | |  1.7
Shapeshifting  | |  2.6

Action                     |  1- 3 |  4- 6 || total
---------------------------+-------+-------++-------
  Melee: Unarmed           |    70 |    14 ||    84
         Punch             |     3 |       ||     3
         Touch             |     9 |     4 ||    13
   Stab: Sleeping          |     4 |       ||     4
 Armour: Animal skin       |     6 |     4 ||    10
  Dodge: Dodged            |    27 |    12 ||    39

Table legend: (Time is in decaauts)
 A = Elapsed time spent in this place.
 B = Non-inter-level travel time spent in this place.
 C = Inter-level travel time spent in this place.
 D = Time resting spent in this place.
 E = Time spent auto-exploring this place.
 F = Levels seen in this place.
 G = Mean time per level.
                   A        B        C        D        E       F      G
               +--------+--------+--------+--------+--------+-----+--------+
         Total |   1239 |   1217 |     22 |     91 |    910 |   2 |  619.5 |
       Dungeon |   1239 |   1217 |     22 |     91 |    910 |   2 |  619.5 |
               +--------+--------+--------+--------+--------+-----+--------+

Top non-repeatable levels by time:
     D:1: 844 daAuts
     D:2: 394 daAuts
